TOP OF THE 1ST |
Illinois Fighting Illini batting - Pitching for Alabama Crimson Tide : RHP Brian Just
|
Pitching: RHP Brian Just
|
|
Batting: RHB Buddy Griffin
|
0-0: Foul Ball, location: 2F 0-1: Bunted foul 0-2: Ball 1-2: Fly out, F9 (Popup, 9S)
|
Batting: SHB Jared McNayer
|
0-0: Ball 1-0: Ball 2-0: Bunted foul 2-1: Foul Ball, location: 2F 2-2: Foul Ball, location: 2F 2-2: Foul Ball, location: 2F 2-2: Ball 3-2: Strikes out swinging
|
Batting: LHB Milton Watson
|
0-0: Ground out U3 (Groundball, 3)
|
Top of the 1st over - 0 run(s), 0 hit(s), 0 error(s), 0 left on base; Illinois 0 - Alabama 0 |
BOTTOM OF THE 1ST |
Alabama Crimson Tide batting - Pitching for Illinois Fighting Illini : RHP Felipe Sabido
|
Pitching: RHP Felipe Sabido
|
|
Batting: LHB Miguel Colón
|
0-0: Called Strike 0-1: Ball 1-1: Called Strike 1-2: Foul Ball, location: 2F 1-2: Ground out 1-3 (Groundball, 13S)
|
Batting: RHB Eddie Howell
|
0-0: Called Strike 0-1: Ball 1-1: Called Strike 1-2: Ball 2-2: Ball 3-2: Base on Balls
|
Batting: LHB Mike Godfrey
|
0-0: Fly out, F6 (Line Drive, 6M)
|
Batting: LHB Davey Davis
|
0-0: Called Strike 0-1: SINGLE (Groundball, 34D) Eddie Howell to second Runner from 2nd tries for 3rd, SAFE, throw made to third
|
Batting: LHB Carlos Osorio
|
0-0: Ball 1-0: Swinging Strike 1-1: Ball 2-1: Ball 3-1: Foul Ball, location: 2F 3-2: Strikes out swinging
|
Bottom of the 1st over - 0 run(s), 1 hit(s), 0 error(s), 2 left on base; Illinois 0 - Alabama 0 |
TOP OF THE 2ND |
Illinois Fighting Illini batting - Pitching for Alabama Crimson Tide : RHP Brian Just
|
Batting: RHB Clinton Barton
|
0-0: Ground out 4-3 (Groundball, 4)
|
Batting: RHB Michael Jones
|
0-0: Ball 1-0: Ball 2-0: Ball 3-0: Base on Balls
|
Batting: LHB Steven Fox
|
0-0: Called Strike 0-1: Ball 1-1: Ball 2-1: Fly out, F2 (Popup, 2RF)
|
Batting: RHB Brandon Berry
|
0-0: Called Strike 0-1: Ball 1-1: Ball 2-1: Swinging Strike 2-2: Foul Ball, location: 2F 2-2: Ball 3-2: Foul Ball, location: 2F 3-2: Foul Ball, location: 2F 3-2: Base on Balls Michael Jones to second
|
Batting: LHB Joe Alexander
|
0-0: Called Strike 0-1: Reached on error, E4 (Groundball, 4) Michael Jones to third Brandon Berry to second
|
Batting: SHB Ralph Oliver
|
0-0: Ground out 1-3 (Groundball, 15)
|
Top of the 2nd over - 0 run(s), 0 hit(s), 1 error(s), 3 left on base; Illinois 0 - Alabama 0 |
BOTTOM OF THE 2ND |
Alabama Crimson Tide batting - Pitching for Illinois Fighting Illini : RHP Felipe Sabido
|
Batting: LHB Raúl Morales
|
0-0: Ball 1-0: Ball 2-0: Foul Ball, location: 2F 2-1: Foul Ball, location: 2F 2-2: Ball 3-2: Foul Ball, location: 2F 3-2: Base on Balls
|
Batting: RHB Andrew O'Dell
|
0-0: Called Strike 0-1: Ball 1-1: Ball 2-1: Foul Ball, location: 2F 2-2: Ball 3-2: Strikes out swinging
|
Batting: RHB Bob Johnson
|
0-0: Ball 1-0: Ball Raúl Morales steals 2nd base 2-0: SINGLE (Flyball, 78S) Raúl Morales to third Runner from 3rd tries for Home, SAFE, no throw or cutoff
|
Batting: LHB Jorge Cuero
|
0-0: Ball 1-0: Foul Ball, location: 2F 1-1: Foul Ball, location: 2F 1-2: Ball 2-2: Strikes out swinging
|
Batting: LHB Miguel Colón
|
0-0: Called Strike 0-1: Swinging Strike 0-2: Ball 1-2: Ball 2-2: Foul Ball, location: 2F 2-2: Ball 3-2: Base on Balls Bob Johnson to second
|
Batting: RHB Eddie Howell
|
0-0: Called Strike 0-1: Ball 1-1: Ball 2-1: Ground out 6-3 (Groundball, 6)
|
Bottom of the 2nd over - 1 run(s), 1 hit(s), 0 error(s), 2 left on base; Illinois 0 - Alabama 1 |
TOP OF THE 3RD |
Illinois Fighting Illini batting - Pitching for Alabama Crimson Tide : RHP Brian Just
|
Batting: RHB Buddy Griffin
|
0-0: Swinging Strike 0-1: Ball 1-1: Called Strike 1-2: Ball 2-2: Strikes out looking
|
Batting: SHB Jared McNayer
|
0-0: Ball 1-0: Called Strike 1-1: Foul Ball, location: 2F 1-2: Strikes out swinging
|
Batting: LHB Milton Watson
|
0-0: SOLO HOME RUN (Flyball, 9LD), Distance : 341 ft
|
Batting: RHB Clinton Barton
|
0-0: Foul Ball, location: 2F 0-1: Called Strike 0-2: Ball 1-2: Ground out 6-3 (Groundball, 6)
|
Top of the 3rd over - 1 run(s), 1 hit(s), 0 error(s), 0 left on base; Illinois 1 - Alabama 1 |
BOTTOM OF THE 3RD |
Alabama Crimson Tide batting - Pitching for Illinois Fighting Illini : RHP Felipe Sabido
|
Batting: LHB Mike Godfrey
|
0-0: Foul Ball, location: 2F 0-1: SOLO HOME RUN (Flyball, 9D), Distance : 351 ft
|
Batting: LHB Davey Davis
|
0-0: SINGLE (Groundball, 4M)
|
Batting: LHB Carlos Osorio
|
0-0: Ball Davey Davis steals 2nd base 1-0: Called Strike 1-1: Ball 2-1: Ground out 5-3 (Groundball, 56S) Davey Davis to third
|
Batting: LHB Raúl Morales
|
0-0: Ball 1-0: Ball 2-0: Ball 3-0: Base on Balls
|
Batting: RHB Andrew O'Dell
|
0-0: Ball 1-0: Called Strike 1-1: Ball 2-1: Fly out, F5 (Line Drive, 5)
|
Batting: RHB Bob Johnson
|
0-0: Ball 1-0: Ball 2-0: Ball Raúl Morales steals 2nd base 3-0: Called Strike 3-1: Foul Ball, location: 2F 3-2: Foul Ball, location: 2F 3-2: Base on Balls
|
Batting: LHB Jorge Cuero
|
0-0: Ball 1-0: Called Strike 1-1: Ball 2-1: Ball 3-1: Called Strike 3-2: Ground out 3-1 (Groundball, 34)
|
Bottom of the 3rd over - 1 run(s), 2 hit(s), 0 error(s), 3 left on base; Illinois 1 - Alabama 2 |
TOP OF THE 4TH |
Illinois Fighting Illini batting - Pitching for Alabama Crimson Tide : RHP Brian Just
|
Batting: RHB Michael Jones
|
0-0: Called Strike 0-1: Ball 1-1: Called Strike 1-2: SINGLE (Groundball, 4M)
|
Batting: LHB Steven Fox
|
0-0: Called Strike 0-1: Fly out, F8 (Line Drive, 8LM)
|
Batting: RHB Brandon Berry
|
0-0: Called Strike 0-1: Ball Wild Pitch! Michael Jones to second 1-1: Called Strike Michael Jones is caught stealing 3rd base 1-2: Strikes out looking
|
Top of the 4th over - 0 run(s), 1 hit(s), 0 error(s), 0 left on base; Illinois 1 - Alabama 2 |
BOTTOM OF THE 4TH |
Alabama Crimson Tide batting - Pitching for Illinois Fighting Illini : RHP Felipe Sabido
|
Pitching: RHP Brian Paige
|
|
Batting: LHB Miguel Colón
|
0-0: Ball 1-0: Ball 2-0: Ball 3-0: Called Strike 3-1: Fly out, F7 (Flyball, 7S)
|
Batting: RHB Eddie Howell
|
0-0: Called Strike 0-1: Called Strike 0-2: SINGLE (Groundball, 56D)
|
Batting: LHB Mike Godfrey
|
0-0: Called Strike 0-1: Swinging Strike 0-2: TRIPLE (Line Drive, 9LM) Eddie Howell scores
|
Batting: LHB Davey Davis
|
0-0: Fly out, F9 (Flyball, 9S)
|
Batting: LHB Carlos Osorio
|
0-0: Ball 1-0: SINGLE (Line Drive, 78S) Mike Godfrey scores
|
Batting: LHB Raúl Morales
|
0-0: Called Strike 0-1: Fly out, F6 (Popup, 6MS)
|
Bottom of the 4th over - 2 run(s), 3 hit(s), 0 error(s), 1 left on base; Illinois 1 - Alabama 4 |
TOP OF THE 5TH |
Illinois Fighting Illini batting - Pitching for Alabama Crimson Tide : RHP Brian Just
|
Batting: LHB Joe Alexander
|
0-0: Ground out 3-1 (Groundball, 34)
|
Batting: SHB Ralph Oliver
|
0-0: Swinging Strike 0-1: Swinging Strike 0-2: Ball 1-2: Strikes out looking
|
Batting: RHB Buddy Griffin
|
0-0: Foul Ball, location: 2F 0-1: Foul Ball, location: 2F 0-2: Ground out 4-3 (Groundball, 4)
|
Top of the 5th over - 0 run(s), 0 hit(s), 0 error(s), 0 left on base; Illinois 1 - Alabama 4 |
BOTTOM OF THE 5TH |
Alabama Crimson Tide batting - Pitching for Illinois Fighting Illini : RHP Brian Paige
|
Batting: RHB Andrew O'Dell
|
0-0: Ball 1-0: Ball 2-0: Called Strike 2-1: Ball 3-1: Swinging Strike 3-2: Foul Ball, location: 2F 3-2: Foul Ball, location: 2F 3-2: Fly out, F9 (Line Drive, 9M)
|
Batting: RHB Bob Johnson
|
0-0: Ball 1-0: Swinging Strike 1-1: Foul Ball, location: 2F 1-2: SINGLE (Flyball, 9S)
|
Batting: LHB Jorge Cuero
|
0-0: Called Strike Pickoff Throw to First - Out! 0-1: Swinging Strike 0-2: Ball 1-2: Strikes out swinging
|
Bottom of the 5th over - 0 run(s), 1 hit(s), 0 error(s), 0 left on base; Illinois 1 - Alabama 4 |
TOP OF THE 6TH |
Illinois Fighting Illini batting - Pitching for Alabama Crimson Tide : RHP Brian Just
|
Batting: SHB Jared McNayer
|
0-0: Ball 1-0: Ball 2-0: Swinging Strike 2-1: Ball 3-1: Swinging Strike 3-2: Strikes out swinging
|
Batting: LHB Milton Watson
|
0-0: Called Strike 0-1: Ground out 1-3 (Groundball, 13S)
|
Batting: RHB Clinton Barton
|
0-0: Called Strike 0-1: Foul Ball, location: 2F 0-2: Ball 1-2: Foul Ball, location: 2F 1-2: Strikes out swinging
|
Top of the 6th over - 0 run(s), 0 hit(s), 0 error(s), 0 left on base; Illinois 1 - Alabama 4 |
BOTTOM OF THE 6TH |
Alabama Crimson Tide batting - Pitching for Illinois Fighting Illini : RHP Brian Paige
|
Batting: LHB Miguel Colón
|
0-0: Called Strike 0-1: Fly out, F9 (Flyball, 8RM)
|
Batting: RHB Eddie Howell
|
0-0: Ball 1-0: Ball 2-0: Ground out 4-3 (Groundball, 4)
|
Batting: LHB Mike Godfrey
|
0-0: Called Strike 0-1: Ball 1-1: Ball 2-1: Called Strike 2-2: Ball 3-2: Strikes out looking
|
Bottom of the 6th over - 0 run(s), 0 hit(s), 0 error(s), 0 left on base; Illinois 1 - Alabama 4 |
TOP OF THE 7TH |
Illinois Fighting Illini batting - Pitching for Alabama Crimson Tide : RHP Brian Just
|
Batting: RHB Michael Jones
|
0-0: Called Strike 0-1: Ball 1-1: Ball 2-1: Swinging Strike 2-2: Foul Ball, location: 2F 2-2: SINGLE (Groundball, 6M)
|
Pitching: RHP Logan Villiers
|
|
Batting: LHB Steven Fox
|
0-0: Called Strike 0-1: Foul Ball, location: 2F 0-2: Ball 1-2: SINGLE (Groundball, 56) Michael Jones to second
|
Batting: RHB Brandon Berry
|
0-0: Called Strike 0-1: Sac Bunt - play at first, batter OUT! 1-3 Michael Jones to third Steven Fox to second
|
Batting: LHB Joe Alexander
|
0-0: Ground out 4-3 (Groundball, 4) Michael Jones scores Steven Fox to third
|
Batting: SHB Ralph Oliver
|
0-0: Ball 1-0: Foul Ball, location: 2F 1-1: Ball 2-1: Fly out, F5 (Popup, 5SF)
|
Top of the 7th over - 1 run(s), 2 hit(s), 0 error(s), 1 left on base; Illinois 2 - Alabama 4 |
BOTTOM OF THE 7TH |
Alabama Crimson Tide batting - Pitching for Illinois Fighting Illini : RHP Brian Paige
|
Pitching: LHP Mike MacDonald
|
|
Batting: LHB Davey Davis
|
0-0: Fly out, F7 (Flyball, 78D)
|
Batting: LHB Carlos Osorio
|
0-0: Foul Ball, location: 2F 0-1: Called Strike 0-2: Ground out 4-3 (Groundball, 34)
|
Batting: LHB Raúl Morales
|
0-0: Called Strike 0-1: Ball 1-1: Ball 2-1: SINGLE (Groundball, 3S) (infield hit)
|
Batting: RHB Andrew O'Dell
|
0-0: Called Strike 0-1: Ball 1-1: Swinging Strike 1-2: Ground out 6-3 (Groundball, 6)
|
Bottom of the 7th over - 0 run(s), 1 hit(s), 0 error(s), 1 left on base; Illinois 2 - Alabama 4 |
TOP OF THE 8TH |
Illinois Fighting Illini batting - Pitching for Alabama Crimson Tide : RHP Logan Villiers
|
Batting: RHB Buddy Griffin
|
0-0: Ground out 1-3 (Groundball, 34S)
|
Batting: SHB Jared McNayer
|
0-0: Ball 1-0: Foul Ball, location: 2F 1-1: Ball 2-1: Foul Ball, location: 2F 2-2: Foul Ball, location: 2F 2-2: SINGLE (Groundball, 34D)
|
Pitching: LHP Earl Holliday
|
|
Batting: LHB Milton Watson
|
0-0: Called Strike 0-1: Ball 1-1: Fly out, F7 (Line Drive, 7M)
|
Pitching: RHP Bill Allen
|
|
Batting: RHB Clinton Barton
|
0-0: Foul Ball, location: 2F 0-1: Foul Ball, location: 2F 0-2: Ball 1-2: Foul Ball, location: 2F 1-2: Ball 2-2: SINGLE (Line Drive, 34D) Jared McNayer to second
|
Batting: RHB Michael Jones
|
0-0: Called Strike 0-1: Ball 1-1: Ball 2-1: SINGLE (Line Drive, 78S) Jared McNayer to third Clinton Barton to second Runner from 3rd tries for Home, SAFE, no throw or cutoff
|
Pitching: RHP Jim King
|
|
Batting: LHB Steven Fox
|
0-0: Ball 1-0: Called Strike 1-1: Foul Ball, location: 2F 1-2: Strikes out swinging
|
Top of the 8th over - 1 run(s), 3 hit(s), 0 error(s), 2 left on base; Illinois 3 - Alabama 4 |
BOTTOM OF THE 8TH |
Alabama Crimson Tide batting - Pitching for Illinois Fighting Illini : LHP Mike MacDonald
|
Batting: RHB Bob Johnson
|
0-0: Foul Ball, location: 2F 0-1: Called Strike 0-2: Ball 1-2: Ball 2-2: SINGLE (Groundball, 6M) (infield hit)
|
Batting: LHB Jorge Cuero
|
0-0: Ball 1-0: Bunted foul 1-1: Ball 2-1: Sac Bunt - play at first, batter safe! Bob Johnson to second
|
Batting: LHB Miguel Colón
|
0-0: Sac Bunt - play at third, runner OUT! 3-6 Jorge Cuero to second
|
Batting: RHB Eddie Howell
|
0-0: Ball 1-0: Swinging Strike 1-1: Ball 2-1: Ball 3-1: Foul Ball, location: 2F 3-2: Strikes out swinging
|
Batting: LHB Mike Godfrey
|
0-0: Ball 1-0: Called Strike 1-1: Foul Ball, location: 2F 1-2: Ball 2-2: Strikes out swinging
|
Bottom of the 8th over - 0 run(s), 2 hit(s), 0 error(s), 2 left on base; Illinois 3 - Alabama 4 |
TOP OF THE 9TH |
Illinois Fighting Illini batting - Pitching for Alabama Crimson Tide : RHP Jim King
|
Pitching: RHP Jesús Báez
|
|
Now at C: Wally Brandt
|
|
Now in CF: Alan Garland
|
|
Batting: RHB Brandon Berry
|
0-0: SOLO HOME RUN (Flyball, 7LD), Distance : 341 ft
|
Batting: LHB Joe Alexander
|
0-0: Ball 1-0: Called Strike 1-1: Reached on error, E4 (Groundball, 4MS)
|
Batting: SHB Ralph Oliver
|
0-0: Called Strike 0-1: Bunted foul 0-2: Ball 1-2: Ground out 6-3 (Groundball, 6)
|
Batting: RHB Buddy Griffin
|
0-0: Ball 1-0: Foul Ball, location: 2F 1-1: Ball 2-1: Called Strike 2-2: Ball 3-2: Base on Balls
|
Batting: SHB Jared McNayer
|
0-0: Called Strike 0-1: Foul Ball, location: 2F 0-2: Strikes out swinging
|
Batting: LHB Milton Watson
|
0-0: Called Strike 0-1: Foul Ball, location: 2F 0-2: Strikes out swinging
|
Top of the 9th over - 1 run(s), 1 hit(s), 1 error(s), 2 left on base; Illinois 4 - Alabama 4 |
BOTTOM OF THE 9TH |
Alabama Crimson Tide batting - Pitching for Illinois Fighting Illini : LHP Mike MacDonald
|
Batting: LHB Davey Davis
|
0-0: Called Strike 0-1: DOUBLE (Flyball, 8RM) - OUT at third base trying to stretch hit.
|
Batting: LHB Carlos Osorio
|
0-0: Ball 1-0: Swinging Strike 1-1: Ball
|
|
|
|
2-1: Foul Ball, location: 2F 2-2: Foul Ball, location: 2F 2-2: Foul Ball, location: 2F 2-2: Strikes out looking
|
Pitching: RHP Don Wright
|
|
Batting: LHB Raúl Morales
|
0-0: Ball 1-0: Ground out U3 (Groundball, 3S)
|
Bottom of the 9th over - 0 run(s), 1 hit(s), 0 error(s), 0 left on base; Illinois 4 - Alabama 4 |
TOP OF THE 10TH |
Illinois Fighting Illini batting - Pitching for Alabama Crimson Tide : RHP Jesús Báez
|
Batting: RHB Clinton Barton
|
0-0: Ball 1-0: Ball 2-0: Foul Ball, location: 2F 2-1: Ball 3-1: Ground out 6-3 (Groundball, 6)
|
Batting: RHB Michael Jones
|
0-0: Called Strike 0-1: DOUBLE (Flyball, 78M)
|
Batting: LHB Steven Fox
|
0-0: Fly out, F6 (Popup, 6D)
|
Batting: RHB Brandon Berry
|
0-0: Swinging Strike 0-1: Ball 1-1: Called Strike 1-2: Ball 2-2: Fly out, F9 (Flyball, 89S)
|
Top of the 10th over - 0 run(s), 1 hit(s), 0 error(s), 1 left on base; Illinois 4 - Alabama 4 |
BOTTOM OF THE 10TH |
Alabama Crimson Tide batting - Pitching for Illinois Fighting Illini : RHP Don Wright
|
Pinch Hitting: RHB Pablo Gómez
|
0-0: Swinging Strike 0-1: Ball 1-1: SOLO HOME RUN (Line Drive, 9LD), Distance : 318 ft
|
|